 Dungeon Crawl Stone Soup version 0.17.0-15-g6d90897 (webtiles) character file.

179 HungrySpirit the Ruffian (level 5, -2/40 HPs)
             Began as a Draconian Transmuter on Nov 10, 2015.
             Slain by an orc
             ... wielding a +0 short sword
              (8 damage)
             ... on level 3 of the Dungeon.
             The game lasted 00:04:57 (3288 turns).

HungrySpirit the Ruffian (Draconian Transmuter)     Turns: 3288, Time: 00:04:58

Health: -2/40      AC:  6    Str: 12    XL:     5   Next: 32%
Magic:  8/8        EV: 12    Int: 15    God:
Gold:   125        SH:  0    Dex: 11    Spells: 3 memorised, 3 levels left

rFire  . . .     SeeInvis .       - Unarmed
rCold  . . .     Clarity  .     (armour unavailable)
rNeg   . . .     SustAt   .     (no shield)
rPois  .         Gourm    .     (helmet restricted)
rElec  .         Spirit   .     (no cloak)
rCorr  .         Warding  .     m - +0 pair of gloves
rMut   .         Stasis   .     (boots currently unavailable)
MR     .....                    (no amulet)
Stlth  +.........               (no ring)
                                (no ring)

@: appendage, not resistant to hostile enchantments, very unstealthy
A: unfitting armour, talons 3, cold-blooded, AC +5
a: End Transformation


You were on level 3 of the Dungeon.
You were not hungry.
You had grown temporary talons.
You visited 1 branch of the dungeon, and saw 3 of its levels.

You collected 125 gold pieces.

Inventory:

Hand Weapons
 q - a +4 dagger of venom
Missiles
 a - 3 arrows
Armour
 m - a +0 pair of gloves (worn)
Jewellery
 k - an uncursed ring of fire
Wands
 s - a wand of teleportation (4)
Scrolls
 e - 3 scrolls of identify {unknown}
 f - 3 scrolls of remove curse {unknown}
 h - 2 scrolls of teleportation {unknown}
 i - a scroll of amnesia {unknown}
 j - a scroll of fog {unknown}
 p - a scroll of fear {unknown}
Potions
 d - a potion of flight
 g - a potion of ambrosia {unknown}
 l - a potion of haste {unknown}
 n - a potion of poison {unknown}
 o - a potion of brilliance {unknown}
 r - a potion of curing {unknown}
 u - a potion of magic {unknown}
Books
 b - a book of Changes

   Spells                             Type                      Level
   a - Beastly Appendage              Transmutation                1
   b - Sticks to Snakes               Transmutation                2
   c - Spider Form                    Transmutation/Poison         3
   d - Ice Form                       Ice/Transmutation            4
   e - Blade Hands                    Transmutation                5
Comestibles
 c - a bread ration
 t - 4 chunks of flesh


   Skills:
 - Level 1.1 Fighting
 - Level 1.7 Dodging
 * Level 4.6 Unarmed Combat
 + Level 2.5 Spellcasting
 * Level 3.9 Transmutations


You had 3 spell levels left.
You knew the following spells:

 Your Spells              Type           Power        Failure   Level  Hunger
a - Beastly Appendage     Trmt           ##....       4%          1    #......
b - Sticks to Snakes      Trmt           ##........   8%          2    ###....
c - Spider Form           Trmt/Pois      #.........   30%         3    ###....


Dungeon Overview and Level Annotations

Branches:
Dungeon (3/15)

Altars:
Xom


Innate Abilities, Weirdness & Mutations

Your plain brown scales are hard (AC +5).
Your body does not fit into most forms of armour.
You are cold-blooded and may be slowed by cold attacks.
You have claws for feet.


Message History

You barely miss the orc priest.
The orc priest is severely wounded.
The bat barely misses you. The orc hits you with a short sword.
The orc barely misses you.
You closely miss the orc priest.
The orc priest is severely wounded.
The bat closely misses you.
The orc priest hits you with a hand axe!
* * * LOW HITPOINT WARNING * * *
The orc misses you.
You closely miss the orc priest. Your kick misses the orc priest.
The orc priest is severely wounded.
The bat closely misses you. The orc hits you but does no damage.
The orc priest closely misses you.
Unknown command.
You closely miss the orc priest. You tail-slap the orc priest.
The orc priest is severely wounded.
The bat completely misses you. The bat closely misses you.
The orc hits you with a short sword!
You die...

........# #..........# ........#
#..........# ........#
#..........#
.......<#########..........#
.....^....)................#
...........................#
..............<....[.......#
.............o.............#
#######....o@o.............#
###########....b......##########
......##.....####.###############
......##.....# #................
......##.....####################
..(...##..........
.............##### ...o.........#
....._..#.####


You could see an orc priest, 2 orcs and a bat.

Vanquished Creatures
  A giant frog (D:3)
  Terence (D:2)
  3 adders
  An ooze (D:2)
  2 worms
  3 giant geckos
  A ball python (D:2)
  4 giant cockroaches
  6 hobgoblins
  A quokka (D:3)
  6 bats
  A giant newt (D:1)
  5 goblins
  4 jackals (D:2)
  5 kobolds
  7 rats
51 creatures vanquished.

Vanquished Creatures (collateral kills)
  A worm (D:2)
  A butterfly (D:3)
2 creatures vanquished.

Grand Total: 53 creatures vanquished

Notes
Turn   | Place    | Note
--------------------------------------------------------------
     0 | D:1      | HungrySpirit the Draconian Transmuter began the quest for the Orb.
     0 | D:1      | Reached XP level 1. HP: 16/16 MP: 3/3
   495 | D:1      | Reached XP level 2. HP: 14/23 MP: 5/5
  1217 | D:2      | Reached XP level 3. HP: 15/28 MP: 4/6
  1422 | D:2      | Learned a level 2 spell: Sticks to Snakes
  1972 | D:2      | Reached skill level 4 in Unarmed Combat
  2016 | D:2      | Learned a level 3 spell: Spider Form
  2508 | D:3      | Reached XP level 4. HP: 35/35 MP: 5/7
  2748 | D:3      | Noticed a giant frog
  2759 | D:3      | Killed a giant frog
  2759 | D:3      | Reached XP level 5. HP: 22/40 MP: 1/8
  2987 | D:3      | Found a shimmering altar of Xom.
  3140 | D:3      | Noticed Terence
  3193 | D:2      | Killed Terence
  3288 | D:3      | Slain by an orc

Action                   |  1- 3 |  4- 6 || total
-------------------------+-------+-------++-------
Melee: Unarmed           |   150 |    55 ||   205
 Cast: Beastly Appendage |    17 |     8 ||    25
       Sticks to Snakes  |     5 |     4 ||     9
  Use: Potion            |     2 |       ||     2
 Stab: Sleeping          |     2 |       ||     2
  Eat: Chunk             |     5 |     4 ||     9
